 Dungeon Crawl Stone Soup version 0.26.1-11-gd32895ea62 (webtiles) character file.

Game seed: 18263418683369277435

236805 Hank the Warrior (level 18, -11/158 (180) HPs)
             Began as a Minotaur Fighter on June 22, 2021.
             Was a High Priest of Okawaru.
             Killed from afar by a deep elf mage (18 damage)
             ... with a bolt of lightning
             ... on level 1 of the Elven Halls on June 23, 2021.
             The game lasted 04:03:55 (49421 turns).

Hank the Warrior (Minotaur Fighter)                Turns: 49421, Time: 04:03:56

HP:   -11/158 (180) AC: 35    Str: 22    XL:     18   Next: 95%
MP:   6/6           EV: 10    Int:  0    God:    Okawaru [*****.]
Gold: 214           SH: 23    Dex: 16    Spells: 17/17 levels left

rFire    + + .     SeeInvis +   p - +12 broad axe of Hubris {antimagic, rPois rC++ Str-5 Dex+2}
rCold    + + +     Faith    +   U - +1 tower shield {rF+}
rNeg     + . .     Spirit   .   G - +10 plate armour of Honour {+Blink rCorr}
rPois    +         Reflect  .   l - +2 hat
rElec    .         Harm     .   q - scarf {rC+ rF+}
rCorr    +         Rampage  .   y - +0 pair of gloves of Melancholy {rC++ Int-5 Dex+2 SInv}
Will     ++...                  x - +1 pair of boots
Stlth    ..........             S - amulet of faith
HPRegen  0.36/turn              T - ring of willpower
MPRegen  0.10/turn              o - ring of positive energy

@: slowed, lost intelligence, heavily drained, very slow
A: retaliatory headbutt, horns 2, blurry vision 1
}: 1/15 runes: serpentine
a: Renounce Religion, Evoke Blink, Heroism, Finesse


You were on level 1 of the Elven Halls.
You worshipped Okawaru.
Okawaru was extremely pleased with you.
You visited 6 branches of the dungeon, and saw 29 of its levels.
You visited the Abyss 1 time.
You also visited: Bailey and Gauntlet.

You collected 3090 gold pieces.
You spent 2876 gold pieces at shops.

Inventory:

Hand Weapons
 f - a +0 short sword of speed
 h - a +4 broad axe of electrocution
 m - a +0 short sword
 p - the +12 broad axe of Hubris (weapon) {antimagic, rPois rC++ Str-5 Dex+2}
   (Okawaru gifted it to you on level 1 of the Elven Halls)

   It reduces the magical energy of the wielder, and disrupts the spells and
   magical abilities of those hit.
   Natural abilities and divine invocations are not affected.
   It affects your strength (-5).
   It affects your dexterity (+2).
   It greatly protects you from cold.
   It protects you from poison.
 E - the +11 hand axe "Obiag" {vamp, rF- Will+ MP+9 Int+4}
   (You took it off a minotaur in a Gauntlet)

   It inflicts no extra harm, but heals its wielder when it wounds a living foe.
   It affects your intelligence (+4).
   It makes you vulnerable to fire.
   It affects your willpower, your defense against some magical effects.
   It affects your magic capacity (+9).
Missiles
 j - 63 boomerangs (quivered)
 r - 6 arrows
 z - 67 javelins
 A - 6 boomerangs of dispersal
 K - 8 silver javelins
 Q - 8 curare-tipped darts
 W - 26 sling bullets
 Z - a throwing net
Armour
 a - a +2 cloak of willpower
 l - a +2 hat (worn)
 q - a scarf of resistance (worn)
 x - a +1 pair of boots (worn)
 y - the +0 pair of gloves of Melancholy (worn) {rC++ Int-5 Dex+2 SInv}
   (You took it off Nikola on level 3 of the Snake Pit)

   It affects your intelligence (-5).
   It affects your dexterity (+2).
   It greatly protects you from cold.
   It lets you see invisible.
 G - the +10 plate armour of Honour (worn) {+Blink rCorr}
   (You found it on level 4 of the Snake Pit)

   It lets you blink.
   It provides partial protection from all sources of acid and corrosion.
 H - a scarf of repulsion
 U - a +1 tower shield of fire resistance (worn)
Jewellery
 o - a ring of positive energy (right hand)
 S - an amulet of faith (around neck)
 T - a ring of willpower (left hand)
Wands
 D - a wand of paralysis (9)
Scrolls
 b - 15 scrolls of teleportation
 e - 6 scrolls of fear
 k - 6 scrolls of blinking
 n - 6 scrolls of remove curse
 t - 4 scrolls of magic mapping
 w - 2 scrolls of fog
 I - 2 scrolls of identify
Potions
 d - 5 potions of cancellation
 i - 12 potions of curing
 s - a potion of resistance
 u - 3 potions of flight
 C - 5 potions of haste
 J - 2 potions of invisibility
 L - 2 potions of might
 M - 4 potions of lignification
 N - 3 potions of mutation
 O - a potion of berserk rage
 R - 4 potions of heal wounds
Miscellaneous
 c - a condenser vane (inert)
 g - a box of beasts (inert)


   Skills:
 * Level 20.4 Fighting
 * Level 18.6 Axes
 - Level 7.1 Throwing
 * Level 18.7 Armour
 + Level 6.5 Dodging
 * Level 18.8 Shields
 - Level 4.3 Invocations
 - Level 5.8 Evocations


You had 17 spell levels left.
You didn't know any spells.
Your spell library contained the following spells:

 Spells                   Type           Power        Failure   Level
 Beastly Appendage        Tmut           0%           100%        1
 Corona                   Hex            0%           100%        1
 Magic Dart               Conj           0%           100%        1
 Sting                    Tmut/Pois      0%           100%        1
 Blink                    Tloc           N/A          100%        2
 Call Imp                 Summ           0%           100%        2
 Ensorcelled Hibernation  Hex/Ice        0%           100%        2
 Poisonous Vapours        Pois/Air       0%           100%        2
 Slow                     Hex            0%           100%        2
 Wereblood                Tmut           0%           100%        2
 Confusing Touch          Hex            0%           100%        3
 Conjure Flame            Conj/Fire      0%           100%        3
 Dazzling Flash           Conj/Hex       0%           100%        3
 Gell's Gravitas          Tloc           0%           100%        3
 Ignite Poison            Fire/Tmut/Pois 0%           100%        3
 Lesser Beckoning         Tloc           0%           100%        3
 Mephitic Cloud           Conj/Pois/Air  0%           100%        3
 Spider Form              Tmut/Pois      0%           100%        3
 Teleport Other           Tloc           0%           100%        3
 Tukima's Dance           Hex            0%           100%        3
 Cause Fear               Hex            0%           100%        4
 Ice Form                 Ice/Tmut       0%           100%        4
 Olgreb's Toxic Radiance  Pois           0%           100%        4
 Passage of Golubria      Tloc           N/A          100%        4
 Petrify                  Tmut/Erth      0%           100%        4
 Blade Hands              Tmut           0%           100%        5
 Metabolic Englaciation   Hex/Ice        0%           100%        5
 Silence                  Hex/Air        0%           100%        5
 Yara's Violent Unravell  Hex/Tmut       0%           100%        5
 Discord                  Hex            0%           100%        8


Dungeon Overview and Level Annotations

Branches:
Dungeon (15/15)            Temple (1/1) D:7            Lair (6/6) D:8
 Shoals (0/4) Lair:2        Snake (4/4) Lair:3        Slime (0/5) Lair:6
    Orc (2/2) D:9             Elf (1/3) Orc:2        Vaults (0/5) D:13
 Depths (0/5) D:15         Bailey (visited)         Gauntlet (visited)

Altars:
Ashenzari
Cheibriados
Dithmenos
Elyvilon
Fedhas
Gozag
Hepliaklqana
Kikubaaqudgha
Makhleb
Nemelex Xobeh
Okawaru
Qazlal
Ru
Sif Muna
Trog
Uskayaw
Vehumet
Wu Jian
Xom
Yredelemnul
Zin
The Shining One
Beogh
Jiyva

Shops:
D:5 }   D:7 }   D:15 *   Orc:2 [[!?   Snake:2 }   Snake:3 *}*

Portals:
Abyss: Lair:2

Annotations:
D:15 3 runed translucent doors, kthxbai's ghost, adept KoSu


Innate Abilities, Weirdness & Mutations

You reflexively headbutt those who attack you in melee.
You have a pair of horns on your head.
Scrolls take you a little longer to read.


Message History

Press: ? - help, Q - select action, (/) - cycle Shift-Dir - straight line, f/p - deep elf mage
Aim: a deep elf mage, wielding a +0 rapier and wearing a +0 chain mail (severely wounded, 69% to hit)
You throw a boomerang.
The boomerang closely misses the deep elf mage.
The deep elf mage casts a spell at you. The bolt of lightning hits you!
The deep elf mage casts a spell at you. The bolt of lightning hits you!!
* * * LOW HITPOINT WARNING * * *
Throw: 63 boomerangs
Press: ? - help, Q - select action, (/) - cycle Shift-Dir - straight line, f/p - deep elf mage
Aim: a deep elf mage, wielding a +0 rapier and wearing a +0 chain mail (severely wounded, 70% to hit)
You throw a boomerang. The boomerang hits the deep elf mage.
The deep elf mage is severely wounded.
The deep elf mage points at you and mumbles some strange words.
The bolt of lightning hits you!!
* * * LOW HITPOINT WARNING * * *
The deep elf mage gestures at you while chanting.
The bolt of lightning hits you!!
You die...

#.........###########
#.##...##.#.........#
#.#...........#####.####
#..........###.........#
##..........####........#
#............####.##....#
#.............# #.##.#..#
#########............####.##.#..#
................@..<####.###.#..#
.(((≈.≈≈≈≈≈.........###.###.....#
.≈≈≈(.≈≈≈≈≈........#....###..##.#
.≈≈≈≈(≈≈≈≈e.#....#.÷#........##.#
.≈≈≈≈.≈≈≈≈≈.###.###.#.....†......
(≈≈≈≈.......# #..#..#........###.
.......≈≈≈≈.###....#.........#
)≈≈≈÷≈.≈≈≈≈.##.....#.#.÷.....#
)≈≈≈≈≈?≈≈≈≈.#......#..........#


You could see a deep elf mage.

Vanquished Creatures
  Saint Roka (Orc:2)
  Nikola (Snake:3)
  Gastronok (D:9)
  16 nagarajas
  A minotaur (Gauntlet)
  A dire elephant (Lair:1)
  A spark wasp (shapeshifter) (D:15)
  A fire dragon (D:13)
  Fannar (D:12)
  Josephine (D:10)
  3 ogre magi (D:15)
  9 hydras
  5 catoblepae
  4 boulder beetles
  Erolcha (D:9)
  4 centaur warriors
  A merfolk avatar (Lair:6)
  23 naga warriors
  A dancing weapon (Elf:1)
  16 two-headed ogres
  The ghost of Almogavar the Blocker, a journeyman GrFi of Okawaru (Orc:2)
  11 anacondas
  A tengu warrior (Gauntlet)
  6 death yaks (Lair:5)
  18 naga sharpshooters
  5 orc high priests (Orc:2)
  9 shock serpents
  The ghost of Jonaruho the Thaumaturge, a journeyman DECj of Sif Muna (Lair:2)
  3 deep elf knights
  A soul eater (Gauntlet)
  2 salamander mystics (Snake:4)
  4 skeletal warriors (D:14)
  3 unseen horrors
  A glowing orange brain (D:15)
  2 sea snakes (Lair:6)
  10 naga ritualists
  A wizard (Gauntlet)
  4 deep elf archers
  10 orc knights
  2 oklob plants (Lair:1)
  12 deep elf magi
  2 manticores (D:14)
  An orc sorcerer (Orc:1)
  17 ugly things
  19 mana vipers
  Maurice (D:7)
  6 cyclopes
  4 salamanders
  A rust devil (Lair:2)
  Joseph (D:7)
  38 black mambas
  3 centaur zombies
  7 elephants
  19 naga magi
  6 guardian serpents
  13 cane toads
  An orange demon (Lair:2)
  2 gargoyles
  10 komodo dragons
  An efreet (D:13)
  9 yaktaurs
  10 trolls
  9 rime drakes
  5 polar bears (Lair:6)
  A queen bee (D:9)
  3 meliai (D:15)
  7 hornets
  2 tengu conjurers (Gauntlet)
  Grinder (D:4)
  4 blink frogs (Lair:4)
  13 slime creatures
  A raiju (Lair:2)
  5 dream sheep (Lair:6)
  A water elemental (Elf:1)
  A vampire (D:14)
  A spriggan (Lair:2)
  A shadow (D:12)
  12 wyverns
  29 yaks
  A ynoxinul (Gauntlet)
  6 wraiths
  A fire bat (shapeshifter) (D:15)
  A fire elemental (Elf:1)
  7 basilisks
  5 wargs
  59 nagas
  5 vampire mosquitoes
  A large abomination (Lair:2)
  An acid dragon (D:15)
  A soldier ant (D:11)
  A soldier ant (shapeshifter) (D:14)
  19 water moccasins
  4 ice beasts
  59 orc warriors
  3 sky beasts
  4 boggarts (Lair:6)
  2 necrophages
  A black bear (D:7)
  An eye of draining (shapeshifter) (D:15)
  18 ogres
  25 wolves
  36 centaurs
  2 big kobolds
  21 bullfrogs
  An earth elemental (Orc:2)
  A gnoll sergeant (D:10)
  A wyvern zombie (D:13)
  3 scorpions
  40 killer bees
  16 wights
  4 electric eels
  5 howler monkeys
  A bullfrog zombie (D:10)
  A quasit (D:12)
  4 hounds
  2 bullfrog skeletons
  39 orc priests
  A gnoll shaman (D:5)
  6 jellies
  4 centaur skeletons
  2 iguanas
  3 iron imps (Gauntlet)
  Jessica (D:3)
  27 orc wizards
  A worker ant (D:5)
  Natasha (twice) (D:3)
  3 hell rats (Lair:5)
  A hound skeleton (D:5)
  A howler monkey zombie (D:9)
  A worker ant zombie (D:8)
  6 gnolls
  8 adders
  6 shadow imps
  17 white imps
  An ooze (D:2)
  5 adder zombies
  3 adder skeletons (D:5)
  3 worms
  4 dart slugs
  6 leopard geckos
  118 orcs
  10 bats
  8 giant cockroaches
  9 goblins
  7 hobgoblins
  11 jackals
  5 quokkas
  5 frilled lizards
  4 jackal zombies
  16 kobolds
  A leopard gecko skeleton (D:4)
  2 leopard gecko zombies (D:5)
  2 quokka zombies (D:5)
  9 rats
  3 butterflies
1190 creatures vanquished.

Vanquished Creatures (collateral kills)
  A cacodemon (Lair:2)
  A hydra (Lair:6)
  A two-headed ogre (D:15)
  Sonja (D:13)
  A deep elf mage (Elf:1)
  A kobold demonologist (D:15)
  A yak (Lair:6)
  4 orc warriors
  A wight (D:10)
  A hell rat (Lair:5)
  2 gnolls (D:10)
  3 orcs
  2 kobolds (D:15)
20 creatures vanquished.

Vanquished Creatures (others)
  A salamander (Snake:2)
  A black mamba (Snake:3)
  A cane toad (Lair:6)
  2 trolls
  2 yaks (Lair:6)
  2 nagas (Snake:2)
  A killer bee (D:10)
  A wight (D:10)
  An orc wizard (D:5)
  3 hell rats (Lair:5)
  A gnoll (D:10)
  4 orcs
  28 demonic plants (Gauntlet)
  57 fungi
  133 plants
  6 toadstools (Lair:1)
  6 withered plants (D:5)
250 creatures vanquished.

Grand Total: 1460 creatures vanquished

Notes
Turn   | Place    | Note
-------+----------+-------------------------------------------
     0 | D:1      | Hank the Minotaur Fighter began the quest for the Orb.
     0 | D:1      | Reached XP level 1. HP: 19/19 MP: 0/0
   100 | D:1      | Reached XP level 2. HP: 22/27 MP: 1/1
   417 | D:1      | Reached skill level 4 in Fighting
   485 | D:1      | Reached XP level 3. HP: 29/33 MP: 2/2
  1564 | D:2      | Reached skill level 1 in Throwing
  1572 | D:2      | Reached XP level 4. HP: 32/40 MP: 3/3
  1772 | D:2      | Found a sparkling altar of Nemelex Xobeh.
  2133 | D:3      | Noticed Natasha
  2143 | D:3      | Killed Natasha
  2625 | D:3      | Found a stormy altar of Qazlal.
  2688 | D:3      | Noticed Jessica
  2691 | D:3      | Killed Jessica
  2692 | D:3      | Reached XP level 5. HP: 47/47 MP: 4/4
  2862 | D:3      | Noticed Natasha
  2873 | D:3      | Killed Natasha
  3159 | D:3      | Found a snail-covered altar of Cheibriados.
  3510 | D:4      | Found a glowing golden altar of the Shining One.
  3696 | D:4      | Reached skill level 5 in Armour
  3696 | D:4      | Reached skill level 5 in Shields
  3775 | D:4      | Reached skill level 5 in Fighting
  3775 | D:4      | Reached XP level 6. HP: 56/56 MP: 5/5
  3989 | D:5      | Entered Level 5 of the Dungeon
  4138 | D:5      | Found Caxuga's Gadget Shoppe.
  4152 | D:5      | Noticed an ice beast
  4155 | D:5      | Killed an ice beast
  4387 | D:5      | Reached XP level 7. HP: 47/61 MP: 6/6
  4579 | D:5      | Found a shimmering blue altar of Sif Muna.
  4781 | D:5      | Reached skill level 5 in Axes
  4991 | D:5      | Found a shadowy altar of Dithmenos.
  4992 | D:5      | Found an ornate altar of the Wu Jian Council.
  4992 | D:5      | Found a blossoming altar of Fedhas.
  5843 | D:6      | Reached skill level 6 in Fighting
  6276 | D:6      | Found a bloodstained altar of Trog.
  6350 | D:7      | Found a staircase to the Ecumenical Temple.
  6361 | Temple   | Entered the Ecumenical Temple
  6368 | Temple   | Became a worshipper of Warmaster Okawaru
  6507 | D:7      | Found Cuppuqupne's Gadget Shop.
  6515 | D:7      | Bought a wand of iceblast (7) for 165 gold pieces
  6515 | D:7      | Bought a wand of iceblast (3) for 105 gold pieces
  6544 | D:7      | Reached XP level 8. HP: 69/71 MP: 7/7
  7057 | D:8      | Reached skill level 1 in Invocations
  7138 | D:8      | Reached * piety under Okawaru
  7140 | D:8      | Reached skill level 7 in Fighting
  7436 | D:7      | Reached ** piety under Okawaru
  7766 | D:8      | Reached XP level 9. HP: 79/79 MP: 6/9
  7814 | D:8      | Noticed Joseph
  7822 | D:8      | Noticed Maurice
  8340 | D:7      | Killed Joseph
  8341 | D:7      | Reached skill level 8 in Fighting
  8704 | D:7      | Killed Maurice
  8704 | D:7      | Reached *** piety under Okawaru
  9485 | D:8      | Found a staircase to the Lair.
  9711 | D:9      | Noticed Erolcha
  9711 | D:9      | Cast into level 1 of the Abyss (Erolcha)
  9724 | D:9      | Escaped the Abyss
  9735 | D:9      | Killed Erolcha
  9735 | D:9      | Reached **** piety under Okawaru
  9736 | D:9      | Reached skill level 9 in Fighting
  9736 | D:9      | Reached skill level 1 in Evocations
  9736 | D:9      | Reached XP level 10. HP: 75/91 MP: 9/11
  9936 | D:9      | Noticed Gastronok
  9959 | D:9      | Killed Gastronok
  9959 | D:9      | Reached ***** piety under Okawaru
 10253 | D:9      | Found a staircase to the Orcish Mines.
 10309 | D:9      | Got a warped quarterstaff
 10426 | D:9      | Got a brightly glowing chain mail
 10437 | D:9      | Identified the +3 chain mail of Hide-and-Seek {rElec Str+2
                  | Dex-4} (You found it on level 9 of the Dungeon)
 10480 | D:9      | Reached skill level 10 in Fighting
 10495 | D:9      | Reached skill level 10 in Armour
 10497 | D:9      | Reached skill level 10 in Shields
 10541 | D:9      | Noticed a two-headed ogre
 10551 | D:9      | Killed a two-headed ogre
 10659 | D:9      | Reached XP level 11. HP: 53/100 MP: 9/12
 10661 | D:9      | Reached skill level 10 in Axes
 11225 | D:9      | Received a gift from Okawaru
 12172 | D:10     | Entered Level 10 of the Dungeon
 12175 | D:10     | Noticed a two-headed ogre
 12187 | D:10     | Received a gift from Okawaru
 12190 | D:10     | Killed a two-headed ogre
 12326 | D:10     | Received a gift from Okawaru
 12335 | D:10     | Reached skill level 11 in Fighting
 12624 | D:10     | Noticed Josephine
 12637 | D:10     | Killed Josephine
 12637 | D:10     | Reached ****** piety under Okawaru
 12747 | D:10     | Received a gift from Okawaru
 13975 | D:11     | Found a flagged portal.
 14001 | Bailey   | Entered a bailey
 14738 | Bailey   | Reached XP level 12. HP: 54/110 MP: 13/13
 15037 | Bailey   | Reached skill level 1 in Dodging
 15483 | D:11     | Noticed a six-headed hydra
 15490 | D:11     | Killed a six-headed hydra
 15492 | D:11     | Noticed a seven-headed hydra
 15498 | D:11     | Killed an eight-headed hydra
 15498 | D:11     | Received a gift from Okawaru
 16307 | D:12     | Noticed a boulder beetle
 16315 | D:12     | Reached skill level 12 in Fighting
 16329 | D:12     | Killed a boulder beetle
 16370 | D:12     | Noticed a boulder beetle
 16534 | D:12     | Noticed a two-headed ogre
 16540 | D:12     | Killed a two-headed ogre
 17439 | D:12     | Noticed Fannar
 17439 | D:12     | Noticed a boulder beetle
 17469 | D:12     | Killed Fannar
 17470 | D:12     | Reached skill level 13 in Fighting
 17474 | D:12     | Killed a boulder beetle
 17639 | D:12     | Received a gift from Okawaru
 17640 | D:12     | Got a translucent hand axe {god gift}
 17688 | D:12     | Identified the +9 hand axe "Duohaosm" {vamp, *Drain rElec
                  | rPois MP+9 Int-3} (Okawaru gifted it to you on level 12 of
                  | the Dungeon)
 17971 | D:12     | Reached skill level 14 in Fighting
 17971 | D:12     | Reached XP level 13. HP: 124/124 MP: 14/14
 18185 | D:13     | Found a hide-covered altar of Uskayaw.
 18412 | D:13     | Reached XP level 14. HP: 64/133 MP: 15/15
 18467 | D:13     | Received a gift from Okawaru
 18931 | D:13     | Received a gift from Okawaru
 19005 | D:13     | Reached skill level 15 in Fighting
 19085 | D:13     | Found a gate to the Vaults.
 19158 | D:13     | Noticed Sonja
 19173 | D:13     | Killed Sonja
 20068 | D:13     | Reached skill level 5 in Throwing
 20326 | D:14     | Found a gate leading to a gauntlet.
 20339 | Gauntlet | Entered a Gauntlet
 20339 | Gauntlet | Found a transporter.
 20339 | Gauntlet | Found a transporter.
 20401 | Gauntlet | Found a transporter.
 20401 | Gauntlet | Found a transporter.
 20401 | Gauntlet | Found a transporter.
 20411 | Gauntlet | Found a transporter.
 20478 | Gauntlet | Found a transporter.
 20488 | Gauntlet | Found a transporter.
 20503 | Gauntlet | Found a transporter.
 20515 | Gauntlet | Found a transporter.
 20528 | Gauntlet | Found a transporter.
 20534 | Gauntlet | Found a transporter.
 21075 | Gauntlet | Identified the +11 hand axe "Obiag" {vamp, rF- Will+ MP+9
                  | Int+4}
 21203 | Gauntlet | Got an iridescent dagger
 21479 | D:14     | Reached skill level 16 in Fighting
 22825 | D:14     | Received a gift from Okawaru
 23228 | D:15     | Entered Level 15 of the Dungeon
 23623 | D:14     | Received a gift from Okawaru
 23624 | D:14     | Got an ichor-stained plate armour {god gift}
 23645 | D:14     | Identified the +5 plate armour of Woeme {+Blink rF- rC+
                  | Int+4} (Okawaru gifted it to you on level 14 of the
                  | Dungeon)
 23933 | D:14     | Reached XP level 15. HP: 124/146 MP: 16/16
 24078 | D:14     | Reached skill level 17 in Fighting
 24584 | D:15     | Reached skill level 15 in Armour
 24771 | D:15     | Received a gift from Okawaru
 24779 | D:15     | Got an ichor-stained kite shield {god gift}
 24784 | D:15     | Reached skill level 15 in Shields
 24951 | D:14     | Identified the +0 kite shield of the Meadowlark {Rampage
                  | Slay+3} (Okawaru gifted it to you on level 15 of the
                  | Dungeon)
 25029 | D:15     | Found a runed translucent gate.
 25029 | D:15     | Found a runed translucent gate.
 25029 | D:15     | Found a runed translucent gate.
 25030 | D:15     | Found an opulent altar of Gozag.
 25031 | D:15     | Noticed kthxbai's ghost (adept KoSu)
 25034 | D:15     | Found Leadul's Assorted Antiques.
 25500 | D:15     | Reached skill level 15 in Axes
 25635 | D:15     | Found a staircase to the Depths.
 26194 | Lair:1   | Entered Level 1 of the Lair of Beasts
 26344 | Lair:1   | Found a runed translucent door.
 27142 | Lair:1   | Got a translucent spear
 27982 | Lair:2   | Found a staircase to the Shoals.
 28054 | Lair:2   | Identified the cursed +1 hand crossbow of Sifabepn {vorpal,
                  | rPois Str-5 Int+3 Dex+2}
 28057 | Lair:2   | Found a transporter.
 28063 | Lair:2   | Found a one-way gate to the infinite horrors of the Abyss.
 28063 | Lair:2   | Noticed Jonaruho's ghost (journeyman DECj)
 28083 | Lair:2   | Found a transporter.
 28322 | Lair:2   | Killed Jonaruho's ghost
 28330 | Lair:2   | Received a gift from Okawaru
 28331 | Lair:2   | Got a bloodstained quarterstaff {god gift}
 28384 | Lair:2   | Gained mutation: Scrolls take you a little longer to read.
                  | [a cacodemon]
 28458 | Lair:2   | Identified the cursed +1 spear of Truncation {vorpal,
                  | rElec} (You found it on level 1 of the Lair of Beasts)
 29101 | Lair:3   | Found a staircase to the Snake Pit.
 29937 | Lair:4   | Reached XP level 16. HP: 157/157 MP: 17/17
 30000 | Lair:4   | Reached skill level 18 in Fighting
 31492 | Lair:5   | Received a gift from Okawaru
 31946 | Lair:6   | Entered Level 6 of the Lair of Beasts
 32002 | Lair:6   | Got a vibrating lead ring
 32004 | Lair:6   | Identified the ring "Heushett" {Dex+6 Stlth-} (You found it
                  | on level 6 of the Lair of Beasts)
 32167 | Lair:6   | Found a viscous altar of Jiyva.
 32167 | Lair:6   | Found a staircase to the Slime Pits.
 32373 | Lair:6   | Received a gift from Okawaru
 32578 | Lair:6   | Received a gift from Okawaru
 32632 | Lair:6   | Received a gift from Okawaru
 33332 | Lair:6   | Received a gift from Okawaru
 33728 | Orc:1    | Entered Level 1 of the Orcish Mines
 33973 | Orc:1    | Received a gift from Okawaru
 34510 | Orc:1    | You fall into a shaft and drop 1 floor!
 34510 | Orc:2    | Entered Level 2 of the Orcish Mines
 34659 | Orc:2    | Found a staircase to the Elven Halls.
 34980 | Orc:1    | Found a roughly hewn altar of Beogh.
 35378 | Orc:2    | Noticed Saint Roka
 35398 | Orc:2    | Reached skill level 5 in Dodging
 35430 | Orc:2    | Killed Saint Roka
 35938 | Orc:2    | Found a runed translucent door.
 35940 | Orc:2    | Noticed Almogavar's ghost (journeyman GrFi)
 36000 | Orc:2    | Killed Almogavar's ghost
 36681 | Orc:2    | Received a gift from Okawaru
 37319 | Orc:2    | Reached XP level 17. HP: 166/166 MP: 18/18
 37337 | Orc:2    | Found Pexietil's Distillery.
 37337 | Orc:2    | Found Rinohis's Magic Scroll Boutique.
 37338 | Orc:2    | Found Istaomykha's Armour Boutique.
 37338 | Orc:2    | Found Ylumug's Antique Armour Shop.
 37370 | Orc:2    | Bought a +1 pair of gloves of dexterity for 165 gold pieces
 37384 | Orc:2    | Bought a scroll of identify for 26 gold pieces
 37384 | Orc:2    | Bought a scroll of magic mapping for 45 gold pieces
 37384 | Orc:2    | Bought a scroll of magic mapping for 45 gold pieces
 37384 | Orc:2    | Bought a scroll of enchant armour for 97 gold pieces
 37384 | Orc:2    | Bought a scroll of teleportation for 39 gold pieces
 37384 | Orc:2    | Bought a scroll of fear for 45 gold pieces
 37384 | Orc:2    | Bought a scroll of fear for 45 gold pieces
 37392 | Orc:2    | Bought a potion of invisibility for 112 gold pieces
 37392 | Orc:2    | Bought 2 potions of might for 112 gold pieces
 37392 | Orc:2    | Bought a potion of invisibility for 112 gold pieces
 37392 | Orc:2    | Bought a potion of heal wounds for 70 gold pieces
 37392 | Orc:2    | Bought a potion of curing for 42 gold pieces
 37392 | Orc:2    | Bought a potion of haste for 140 gold pieces
 37392 | Orc:2    | Bought a potion of flight for 42 gold pieces
 37392 | Orc:2    | Bought 2 potions of cancellation for 224 gold pieces
 37912 | D:7      | Bought a condenser vane for 600 gold pieces
 37912 | D:7      | Bought a wand of digging (5) for 270 gold pieces
 37912 | D:7      | Bought a wand of enslavement (8) for 150 gold pieces
 38069 | Snake:1  | Entered Level 1 of the Snake Pit
 38147 | Snake:1  | Received a gift from Okawaru
 38356 | Snake:1  | Got a smelly ring mail
 38367 | Snake:1  | Identified the cursed +0 ring mail of Qameida {Will- rCorr
                  | Str-4 Dex+10} (You found it on level 1 of the Snake Pit)
 38614 | Snake:1  | Reached skill level 19 in Fighting
 39866 | Snake:2  | Received a gift from Okawaru
 40176 | Snake:2  | Received a gift from Okawaru
 40387 | Snake:2  | Found Abegoron's Jewellery Boutique.
 40387 | Snake:2  | Found Dittitu's Gadget Shoppe.
 40388 | Snake:2  | Found Venis's Jewellery Boutique.
 40954 | Snake:2  | Received a gift from Okawaru
 40971 | Snake:2  | Got an encrusted hand axe {god gift}
 40974 | Snake:2  | Identified the +9 hand axe of Responsibility {venom, rElec
                  | Str+4} (Okawaru gifted it to you on level 2 of the Snake
                  | Pit)
 41827 | Snake:3  | Identified the cursed +0 pair of gloves of Melancholy {rC++
                  | Int-5 Dex+2 SInv}
 41827 | Snake:3  | Noticed Nikola
 41855 | Snake:3  | Killed Nikola
 41949 | Snake:3  | Found Etupol's General Store.
 42001 | Snake:3  | Received a gift from Okawaru
 42130 | Snake:3  | Got a steaming falchion
 42547 | Snake:3  | Reached skill level 5 in Evocations
 42598 | Snake:3  | Found Ekuiman's General Store.
 42601 | Snake:3  | Bought a potion of haste for 150 gold pieces
 42601 | Snake:3  | Bought a scroll of teleportation for 45 gold pieces
 42601 | Snake:3  | Bought a scroll of identify for 30 gold pieces
 43332 | Snake:3  | Found Caxzux's Gadget Emporium.
 43571 | Snake:4  | Entered Level 4 of the Snake Pit
 43775 | Snake:4  | Reached XP level 18. HP: 173/178 MP: 20/20
 43820 | Snake:4  | Received a gift from Okawaru
 44565 | Snake:4  | Received a gift from Okawaru
 44600 | Snake:4  | Reached skill level 20 in Fighting
 44654 | Snake:4  | Got a topaz-encrusted plate armour
 45020 | Snake:4  | Got a dazzling battleaxe {god gift}
 45067 | Snake:4  | Identified the +10 plate armour of Honour {+Blink rCorr}
                  | (You found it on level 4 of the Snake Pit)
 45343 | Snake:4  | Received a gift from Okawaru
 46270 | Snake:4  | Got a serpentine rune of Zot
 47249 | D:4      | Noticed Grinder
 47262 | D:4      | Killed Grinder
 48369 | Elf:1    | Entered Level 1 of the Elven Halls
 48779 | Elf:1    | Received a gift from Okawaru
 49368 | Elf:1    | Received a gift from Okawaru
 49369 | Elf:1    | Got a steaming broad axe {god gift}
 49373 | Elf:1    | Lost intelligence.
 49373 | Elf:1    | Identified the +12 broad axe of Hubris {antimagic, rPois
                  | rC++ Str-5 Dex+2} (Okawaru gifted it to you on level 1 of
                  | the Elven Halls)
 49419 | Elf:1    | HP: 6/158 [deep elf mage/bolt of lightning (24)]
 49421 | Elf:1    | Killed from afar by a deep elf mage

Illustrated notes

Levels and vault maps discovered:
D:1:      lightli_arrival_chessboard, layout_basic, solitary_fountain,
          minmay_tetromino_t4
D:2:      layout_basic, nemelex_xobeh_ov_fountains_minmay
D:3:      layout_basic, overflow_temple_1_default, grunt_qazlal_clouds,
          uniq_jessica, uniq_natasha
D:4:      minmay_door_path, layout_gridville, tso_metal_star, uniq_grinder
D:5:      layout_loops_ring, chequers_temple_overflow_statue_of_worship,
          led_sif_book, serial_shops, shop, serial_undead, serial_undead_f,
          serial_undead_a, serial_undead_d, serial_undead_b
D:6:      layout_cave_pools, bloody_trog, serial_park, serial_park_tiny_2,
          serial_park_paths [serial_park_minivault_5x5_5], serial_park_gazebo
          [serial_park_minivault_5x5_6], serial_park_square1
          [serial_park_minivault_5x5_6], serial_park_tiny_1
D:7:      layout_cave_pools, minmay_temple_entry_butterflies, serial_shops, shop
D:8:      layout_basic, david_lair_generic, minmay_misc_feat_chi,
          kennysheep_nub, uniq_maurice, uniq_joseph
D:9:      minmay_the_grid_four_pointed_star_mashed
          [minmay_the_grid_triangle_9x9_limited_checkers,
          minmay_the_grid_triangle_9x9_stretched_checkered,
          minmay_the_grid_triangle_9x9_sprig,
          minmay_the_grid_triangle_9x9_swiss_cheese,
          minmay_the_grid_prize_big_room], layout_cave_pools, david_orc_4,
          special_room [special_room_bee], palyth_stone_intersect, uniq_erolcha,
          uniq_gastronok
D:10:     layout_gridville, uniq_josephine
D:11:     layout_basic, portal_ice_cave_entry_imps, enter_bailey_2,
          serial_curves, eino_curves_04, eino_curves_03, eino_curves_03
D:12:     layout_roguey, kennysheep_generic_room_5, uniq_fannar
D:13:     minmay_slanted_spiral_squares, layout_loops_ring,
          hangedman_vaults_entry_quadrant_bands, basic_altar, uniq_sonja
D:14:     layout_basic, gauntlet_entry_generic, minmay_misc_feat_columns
D:15:     gammafunk_enter_depths_forms, layout_cave_pools, ebering_ghost_gozag,
          corexii_hall_statues_s, abandoned_shop
Temple:   minmay_freezing_vapour_temple
Lair:1:   gammafunk_lair_enchanted_lake, layout_gridlike,
          minmay_lair_oklob_chamber, grunt_megastairs_5, serial_bayou_shore_a,
          infiniplex_staircase_pool
Lair:2:   layout_chaotic_city, elwin_shoals_entry_rocks,
          gammafunk_ghost_abyssal_escape
Lair:3:   layout_chaotic_city, minmay_snake_entry_spellcaster
Lair:4:   layout_cave_pods, grunt_megastairs_2, lemuel_fruit_fields,
          lemuel_fruit_fields
Lair:5:   layout_hall_layers, minivault_11, serial_bayou_shore_b
Lair:6:   gammafunk_lair_ancient_temple, layout_cave_pods,
          dpeg_slime_entry_enclosed_altar, kilobyte_rumbling_trees
Snake:1:  nicolae_snake_nest, layout_cave_pods
Snake:2:  layout_gridlike, minmay_shop_grove, grunt_megastairs_1
Snake:3:  layout_chambers, serial_shops, shop, nicolae_shop_behind_doors,
          nicolae_shop_behind_doors, uniq_nikola
Snake:4:  grunt_snake_rune_spirals, layout_onion_interference
Orc:1:    nicolae_orc_accident_2, layout_caves
Orc:2:    st_orc_pillars, layout_diamond_mine, ebering_ghost_inner_flame,
          uniq_saint_roka
Elf:1:    layout_loops_ring, evilmike_minifort, minivault_14, drop_trap,
          minivault_16

Skill      XL: |  1  2  3  4  5  6  7  8  9 10 11 12 13 14 15 16 17 18 |
---------------+-------------------------------------------------------+-----
Armour         | 4 5 6 7 9 10 11 13 14 15 16 17 18 | 18.7
Fighting       | 4 5 6 7 9 10 11 14 16 17 18 19 20 | 20.4
Shields        | 4 5 6 7 9 10 11 12 13 14 15 16 17 18 | 18.8
Axes           | 3 4 5 7 8 9 11 12 13 14 15 16 17 18 | 18.6
Throwing       | 1 2 3 4 5 7 |  7.1
Invocations    | 2 3 4 |  4.3
Evocations     | 1 2 4 5 |  5.8
Dodging        | 2 3 5 6 |  6.5

Action                   |  1- 3 |  4- 6 |  7- 9 | 10-12 | 13-15 | 16-18 || total
-------------------------+-------+-------+-------+-------+-------+-------++-------
Melee: War axe           |    83 |   144 |   264 |    94 |       |       ||   585
       Headbutt          |    15 |    25 |    56 |   112 |   258 |   516 ||   982
       Broad axe         |       |       |       |   454 |       |     3 ||   457
       Hand axe          |       |       |       |       |   999 |  1700 ||  2699
Throw: Stone             |     5 |       |       |       |       |       ||     5
       Boomerang         |     4 |    24 |    46 |   157 |   102 |   205 ||   538
       Javelin           |       |       |       |    11 |    37 |     6 ||    54
       Dart              |       |       |       |     4 |     3 |    20 ||    27
       Throwing net      |       |       |       |       |       |     1 ||     1
Invok: Heroism           |       |       |     9 |    31 |    43 |    52 ||   135
       Finesse           |       |       |       |       |     7 |       ||     7
 Abil: Evoke Blink       |       |       |       |       |       |     1 ||     1
Evoke: Wand              |       |       |    15 |    49 |    48 |    67 ||   179
       Box of beasts     |       |       |       |     1 |     3 |     6 ||    10
       Condenser vane    |       |       |       |       |       |     4 ||     4
  Use: Scroll            |     4 |     8 |     8 |    12 |    16 |    14 ||    62
       Potion            |       |     1 |       |     9 |     2 |     3 ||    15
 Stab: Invisible         |       |       |       |     9 |       |       ||     9
       Petrifying        |       |       |       |       |     1 |       ||     1
       Petrified         |       |       |       |       |     1 |       ||     1
       Distracted        |       |       |       |       |       |     5 ||     5
Armor: Scale mail        |    48 |     4 |       |       |       |       ||    52
       Plate armour      |       |    95 |   180 |    23 |   230 |   513 ||  1041
       Chain mail        |       |       |       |   272 |   168 |       ||   440
Dodge: Dodged            |    37 |    24 |    59 |   198 |   221 |   428 ||   967
Block: Kite shield       |    59 |    80 |   188 |   509 |   639 |   965 ||  2440
       Tower shield      |       |       |       |       |       |    62 ||    62
